Map: Orbital Shipyard

Players

Akuma - Winner!

  • Race: Protoss Protoss
  • League: Platinum

LilDicky

  • Race: Terran Terran
  • League: Diamond

VOD

http://www.twitch.tv/tumescentpie

Description

Time

  • Played on: Dec. 4, 2015, 11:14 a.m.
  • Length: 19:27
Show
View Real Time Build Order
Export as new Build Order

Akuma Protoss - Winner!

Build Orders:  

Get SALT Encoding   

  12  0:01  Probe (Chrono Boost)  
  13  0:12  Probe (Chrono Boost)  
  14  0:18  Pylon  
  14  0:23  Probe (Chrono Boost)  
  15  0:37  Gateway  
  15  0:40  Assimilator  
  15  0:46  Probe (Chrono Boost)  
  16  0:53  Pylon  
  16  0:56  Probe (Chrono Boost)  
  17  1:07  Probe (Chrono Boost)  
  18  1:25  Cybernetics Core  
  18  1:26  Probe (Chrono Boost)  
  19  1:48  Nexus  
  20  1:54  Probe (Chrono Boost)  
  20  2:02  Stalker  
  20  2:07  Mothership Core (Chrono Boost)  
  24  2:14  Assimilator  
  24  2:25  Probe (Chrono Boost)  
  25  2:31  Warp Gate  
  25  2:39  Probe (Chrono Boost)  
  26  2:49  Pylon  
  26  2:52  Robotics Facility  
  26  2:55  Probe (Chrono Boost)  
  27  3:03  Probe (Chrono Boost)  
  28  3:06  Probe (Chrono Boost)  
  29  3:14  Probe (Chrono Boost)  
  29  3:17  Probe (Chrono Boost)  
  31  3:24  Probe (Chrono Boost)  
  32  3:34  Probe (Chrono Boost)  
  33  3:35  Probe (Chrono Boost), Pylon  
  34  3:44  Probe (Chrono Boost), Observer  
  34  3:46  Probe (Chrono Boost)  
  37  3:55  Probe (Chrono Boost)  
  38  3:58  Forge  
  38  4:02  Gateway, Assimilator  
  38  4:04  Gateway  
  38  4:06  Assimilator  
  38  4:08  Pylon  
  38  4:13  Pylon  
  38  4:17  Observer  
  38  4:22  Probe (Chrono Boost)  
  40  4:27  Pylon  
  40  4:32  Photon Cannon  
  40  4:36  Photon Cannon  
  40  4:50  Probe (Chrono Boost)  
  40  4:52  Probe (Chrono Boost)  
  42  4:55  Stalker  
  44  5:01  Probe (Chrono Boost)  
  44  5:05  Protoss Ground Weapons Level 1  
  45  5:10  Stalker x2  
  49  5:15  Pylon  
  49  5:16  Probe (Chrono Boost)  
  50  5:23  Stalker  
  53  5:28  Probe (Chrono Boost)  
  53  5:29  Probe (Chrono Boost)  
  54  5:40  Sentry x2  
  54  5:41  Robotics Bay  
  58  5:51  Probe (Chrono Boost)  
  58  5:53  Pylon  
  59  6:02  Zealot  
  61  6:14  Probe (Chrono Boost)  
  61  6:15  Observer  
  63  6:18  Stalker  
  63  6:19  Stalker  
  63  6:23  Stalker  
  69  6:26  Pylon  
  69  6:36  Colossus (Chrono Boost)  
  75  6:46  Extended Thermal Lance  
  75  6:49  Zealot x3  
  81  7:06  Probe (Chrono Boost)  
  82  7:16  Probe (Chrono Boost), Nexus  
  82  7:17  Pylon  
  83  7:27  Protoss Ground Armor Level 1  
  89  7:30  Colossus (Chrono Boost), Phoenix  
  89  7:34  Pylon  
  89  7:41  Probe x2  
  91  7:46  Pylon  
  91  7:53  Stalker x2  
  95  8:16  Colossus (Chrono Boost), Phoenix  
  95  8:19  Twilight Council  
  101  8:28  Probe  
  101  8:30  Probe  
  101  8:33  Zealot x2  
  101  8:34  Zealot  
  109  8:40  Pylon  
  109  8:51  Forge  
  109  8:52  Probe  
  110  8:56  Assimilator  
  110  8:58  Charge  
  110  9:00  Assimilator  
  110  9:02  Probe  
  110  9:03  Colossus (Chrono Boost)  
  110  9:06  Templar Archives  
  117  9:14  Stalker x3  
  117  9:16  Probe  
  124  9:23  Dark Shrine  
  124  9:25  Protoss Ground Armor Level 2 (Chrono Boost), Protoss Ground Weapons Level 2 (Chrono Boost)  
  124  9:28  Probe  
  125  9:31  Probe  
  126  9:43  Stalker, Psionic Storm  
  126  9:44  Stalker x2  
  132  10:01  Probe  
  132  10:02  Probe  
  134  10:15  Colossus (Chrono Boost)  
  134  10:19  High Templar x3  
  146  10:26  Pylon  
  146  10:28  Pylon  
  146  10:55  High Templar x3  
  152  11:07  Gateway  
  152  11:10  Gateway  
  152  11:12  Gateway  
  152  11:14  Gateway  
  148  11:40  Pylon  
  148  11:43  Dark Templar  
  148  11:44  Dark Templar x2  
  154  11:49  Probe  
  154  11:51  Pylon  
  153  12:17  Zealot x2  
  153  12:18  Zealot  
  159  12:29  High Templar  
  155  12:48  Zealot x2  
  155  12:49  High Templar x3  
  165  12:52  Gateway x2  
  165  12:53  Gateway  
  165  12:56  Gateway  
  165  12:57  Gateway  
  165  13:01  Protoss Ground Weapons Level 3  
  165  13:02  Protoss Ground Armor Level 3  
  165  13:11  Nexus  
  165  13:18  Dark Templar  
  165  13:19  Dark Templar  
  169  13:32  Pylon  
  169  13:35  Pylon  
  169  13:37  Pylon  
  169  13:40  Nexus, Pylon x2  
  169  13:42  Pylon  
  169  13:44  Pylon  
  169  13:50  Colossus (Chrono Boost)  
  175  13:58  Pylon  
  175  14:04  Pylon  
  175  14:06  Pylon  
  175  14:10  High Templar x4  
  175  14:14  Photon Cannon  
  175  14:16  Photon Cannon  
  183  14:18  Pylon  
  183  14:20  Pylon  
  183  14:24  Stalker x5  
  193  14:39  Photon Cannon x2  
  193  14:42  Photon Cannon  
  193  14:51  Stalker x2  
  193  14:52  Stalker x2  
  189  15:17  Dark Templar x3  
  195  15:23  Zealot x2  
  187  15:44  Zealot x2  
  179  16:02  Zealot  
  179  16:03  Zealot x5  
  179  16:10  Dark Templar x2  
  183  16:12  Probe  
  180  16:19  Probe  
  180  16:22  Probe  
  180  16:24  Zealot  
  180  16:25  Zealot x2  
  186  16:29  Probe  
  185  16:33  Probe  
  185  16:38  Zealot x3  
  192  16:40  Probe  
  192  16:43  Probe  
  194  16:48  Assimilator  
  194  16:51  High Templar  
  194  16:52  High Templar x2, Assimilator  
  200  17:05  Assimilator  
  200  17:08  Assimilator  
  200  17:29  Dark Templar  
  186  18:08  Archon x2  
  174  18:13  Archon x3  
  174  18:23  Zealot x2  
  174  18:24  Zealot x4  
  174  18:25  Zealot x2  
  190  18:28  Probe  
  191  18:38  Gateway  
  191  18:40  Gateway  
  191  18:42  Gateway  
  191  18:44  Dark Templar x4  
  191  18:45  Gateway  
  191  18:46  Gateway  
  191  18:47  Gateway  
  199  18:50  Gateway  
  199  18:52  Gateway  
  199  18:54  Gateway  
  199  18:55  Gateway  
Show
View Real Time Build Order
Export as new Build Order

LilDicky Terran 

Build Orders: Command Center First (CC), MMM Bio 

Get SALT Encoding   

  12  0:01  SCV  
  13  0:13  SCV  
  14  0:18  Supply Depot  
  14  0:26  SCV  
  15  0:40  SCV  
  16  0:52  SCV  
  17  1:01  Command Center  
  17  1:13  Barracks  
  17  1:17  SCV  
  18  1:29  SCV  
  19  1:38  Refinery  
  19  1:41  SCV  
  20  1:55  SCV  
  20  2:01  Refinery, Marine  
  22  2:04  Supply Depot  
  22  2:08  Orbital Command  
  22  2:13  Orbital Command  
  22  2:24  Marine  
  23  2:34  Barracks  
  23  2:38  SCV  
  23  2:40  Barracks  
  23  2:41  SCV  
  25  2:52  Barracks Reactor  
  25  2:57  SCV, Engineering Bay  
  26  3:01  SCV  
  27  3:09  SCV  
  28  3:13  SCV  
  29  3:20  Barracks Tech Lab  
  29  3:21  SCV  
  29  3:25  SCV  
  29  3:26  Barracks Tech Lab  
  31  3:31  Marine  
  31  3:32  Marine  
  31  3:33  SCV  
  31  3:34  Missile Turret  
  34  3:39  Marine  
  34  3:40  Stimpack  
  35  3:45  Marine  
  35  3:46  Combat Shields  
  34  3:49  Marine x2  
  34  3:55  SCV  
  36  3:57  Marine  
  36  3:58  Terran Infantry Weapons Level 1  
  36  4:01  SCV  
  38  4:03  Marine  
  38  4:06  Refinery  
  38  4:07  SCV, Marine x2  
  42  4:12  Missile Turret  
  42  4:15  Marauder  
  44  4:21  SCV  
  44  4:24  Factory  
  46  4:34  SCV  
  46  4:38  Supply Depot  
  46  4:44  SCV, Marine x2  
  49  4:45  Marine  
  49  4:46  Supply Depot, Marine  
  49  4:50  SCV  
  52  4:56  SCV  
  53  5:01  Marine x2  
  53  5:02  SCV  
  53  5:04  Marauder  
  53  5:05  Marine  
  59  5:09  Factory Reactor  
  59  5:11  Starport  
  59  5:13  SCV  
  60  5:15  SCV  
  60  5:17  Command Center  
  60  5:19  Marine  
  60  5:21  Marine  
  63  5:23  Marine  
  63  5:25  SCV  
  65  5:38  Missile Turret  
  65  5:39  Marauder x2, Marine  
  70  5:45  Supply Depot  
  70  5:55  Supply Depot, SCV x2, Marine  
  70  5:57  Marine  
  75  5:58  Factory Reactor  
  75  5:59  Medivac  
  75  6:00  Marine  
  75  6:03  Marine  
  78  6:06  Medivac  
  78  6:08  Supply Depot  
  80  6:12  SCV x2  
  80  6:17  Marine x2  
  84  6:24  SCV  
  85  6:27  Barracks  
  85  6:29  Terran Infantry Armor Level 1, Barracks  
  85  6:33  Supply Depot  
  85  6:40  Armory  
  85  6:49  SCV  
  85  6:50  Widow Mine x2  
  85  6:52  Missile Turret  
  90  6:55  Missile Turret  
  90  6:56  SCV  
  90  6:57  Refinery  
  90  6:58  Orbital Command  
  90  7:01  SCV  
  92  7:06  Marine x2  
  92  7:07  Supply Depot  
  92  7:08  SCV  
  95  7:10  Marauder  
  95  7:11  Marauder  
  95  7:13  SCV  
  100  7:18  Ghost Academy  
  100  7:20  Liberator  
  100  7:22  Supply Depot  
  100  7:26  Barracks Tech Lab  
  100  7:27  SCV x2  
  100  7:29  SCV  
  103  7:32  Marauder  
  103  7:33  Widow Mine x2  
  109  7:39  SCV x2  
  109  7:41  SCV  
  115  7:48  Engineering Bay  
  115  7:49  Barracks Tech Lab  
  115  7:50  Marauder, Marine, Liberator  
  118  7:52  Marauder  
  118  7:53  Marauder  
  118  7:54  Personal Cloaking  
  122  8:07  Liberator  
  122  8:11  Ghost  
  122  8:12  Ghost  
  127  8:17  SCV x3  
  127  8:19  Supply Depot  
  132  8:23  Command Center  
  135  8:29  SCV x2  
  135  8:30  SCV  
  135  8:32  Missile Turret  
  138  8:39  Missile Turret  
  138  8:40  Supply Depot  
  138  8:41  SCV, Missile Turret, Widow Mine x2  
  138  8:42  Ghost  
  138  8:45  Ghost  
  147  8:48  Liberator  
  147  8:50  Liberator  
  147  8:53  Marine  
  148  8:58  Supply Depot  
  148  9:01  Supply Depot, Marauder x2  
  152  9:03  Supply Depot, Marine  
  152  9:08  SCV x2  
  161  9:11  Marine x2  
  161  9:13  Marine  
  161  9:14  SCV, Widow Mine x2  
  169  9:21  Marine  
  170  9:34  Liberator  
  170  9:35  Liberator  
  170  9:49  Widow Mine  
  170  9:50  Widow Mine  
  180  9:58  Missile Turret x2  
  180  9:59  Missile Turret  
  180  10:00  Missile Turret  
  180  10:04  SCV  
  180  10:05  SCV  
  180  10:06  Starport  
  182  10:08  Refinery  
  182  10:09  Refinery  
  182  10:17  Liberator  
  182  10:21  Refinery  
  182  10:22  Missile Turret  
  182  10:24  Missile Turret x2  
  185  11:00  Starport Tech Lab  
  185  11:03  Widow Mine x2  
  189  11:05  Factory  
  189  11:23  Marine  
  189  11:24  Marine x2  
  189  11:25  Marauder x2  
  194  11:38  Marine  
  165  11:41  Marine  
  165  11:48  Marine  
  165  11:49  Marine x3  
  169  11:56  Marauder  
  171  12:07  Marauder  
  165  12:15  Marine  
  165  12:16  Marine x3  
  165  12:18  Ghost  
  169  12:23  Planetary Fortress  
  160  12:59  Raven  
  160  13:01  Marine x2  
  160  13:02  Marine, Marauder x3  
  169  13:10  Medivac  
  169  13:11  Medivac  
  173  13:15  Factory Tech Lab  
  173  13:18  Marine  
  173  13:19  Marine  
  175  13:20  Marine, Widow Mine x2  
  175  13:22  Marine  
  175  13:23  Marauder  
  175  13:26  Missile Turret  
  183  13:29  Marine  
  184  13:36  Marine  
  185  13:41  Missile Turret  
  185  13:42  Marine  
  185  13:43  Marine, Marauder  
  185  13:46  Ghost x2  
  193  13:50  Siege Tank  
  193  13:52  Hellion x2  
  200  14:18  Missile Turret  
  199  15:03  Command Center  
  199  15:06  Missile Turret  
  135  15:22  Hellion x2, Siege Tank  
  126  15:54  Siege Tank  
  127  16:03  Marine x4  
  116  16:18  Marine  
  116  16:19  Marine  
  116  16:20  Marine  
  116  16:21  Marine x3, Medivac x2  
  116  16:22  Raven  
  118  16:26  Siege Tank  
  118  16:32  SCV  
  114  16:36  Marine  
  114  16:37  Marine  
  114  16:38  Marine  
  114  16:39  Missile Turret, Marine x3  
  120  16:43  Missile Turret  
  120  16:44  Command Center  
  120  16:45  Planetary Fortress  
  120  16:51  Viking x2  
  122  16:54  Marine x2  
  122  16:56  Marine  
  122  16:57  Marauder x2, Marine  
  129  17:04  Raven  
  128  17:12  Ghost, Marine  
  118  17:18  Ghost x2  
  121  17:27  SCV x2  
  121  17:29  Ghost  
  123  17:30  Marine x2  
  123  17:31  Viking  
  129  17:40  Ghost  
  129  17:43  Siege Tank  
  129  17:44  Widow Mine x2  
  134  17:47  Marine x3  
  134  17:48  Marine  
  101  18:05  Liberator  
  101  18:06  Liberator x2  
  101  18:12  Widow Mine  
  56  18:15  Siege Tank  
  56  18:17  Marine x6  
  73  18:34  Marine  
  73  18:35  Marine x5  
  73  18:37  Barracks  
  73  18:38  Barracks  
  73  18:39  Barracks  
  73  18:40  Barracks x2  
  79  18:52  Marine  
  79  18:53  Marauder x2, Marine x3  
Tags
 
Add a new tag
Caveats
  • Supply blocks, unpowered buildings, or Contaminate may cause inaccurate times.
  • Supply counts are checked every 10 seconds.